[ AOE2 MATCH · #472604828 ]
UnrankedBurgundians vs Saracens
[ REPLAY ANALYSIS · EXTRACTED FROM THE RECORDED GAME ]
Feudal
9:22
Castle
24:09
Imperial
—
| APM avg | 60.6 |
| APM peak | 93 |
| eAPM avg | 25.2 |
| Villagers / military | 61 / 54 |
Focus
⚔️ 34.9% · 🌾 65.1%
Archer ×27 · Skirmisher ×21 · Militia ×6
Feudal
13:58
Castle
18:18
Imperial
—
| APM avg | 40.8 |
| APM peak | 63 |
| eAPM avg | 24.1 |
| Villagers / military | 69 / 33 |
Focus
⚔️ 44.0% · 🌾 56.0%
Archer ×25 · Knight ×7 · Mangonel ×1
Feudal
11:27
Castle
14:58
Imperial
—
| APM avg | 24.2 |
| APM peak | 54 |
| eAPM avg | 15.0 |
| Villagers / military | 50 / 6 |
Focus
⚔️ 29.7% · 🌾 70.3%
Unknown (1968) ×11 · Scorpion ×5 · Unknown (1974) ×3 · Monk ×1
Feudal
10:56
Castle
14:56
Imperial
25:55
| APM avg | 34.6 |
| APM peak | 73 |
| eAPM avg | 20.4 |
| Villagers / military | 102 / 23 |
Focus
⚔️ 22.7% · 🌾 77.3%
Archer ×23 · Unknown (1942) ×7
Feudal
10:56
Castle
14:36
Imperial
—
| APM avg | 33.4 |
| APM peak | 85 |
| eAPM avg | 23.0 |
| Villagers / military | 139 / 23 |
Focus
⚔️ 16.5% · 🌾 83.5%
Scorpion ×15 · Battering Ram ×4 · Monk ×2 · Mangonel ×2
Feudal
11:27
Castle
14:57
Imperial
—
| APM avg | 30.6 |
| APM peak | 67 |
| eAPM avg | 22.3 |
| Villagers / military | 148 / 2 |
Focus
⚔️ 19.0% · 🌾 81.0%
Monk ×1 · Mangonel ×1
Feudal
16:03
Castle
19:40
Imperial
—
| APM avg | 34.7 |
| APM peak | 71 |
| eAPM avg | 23.1 |
| Villagers / military | 114 / 16 |
Focus
⚔️ 25.6% · 🌾 74.4%
Ghulam ×16
Feudal
10:23
Castle
20:53
Imperial
—
| APM avg | 52.1 |
| APM peak | 95 |
| eAPM avg | 26.6 |
| Villagers / military | 74 / 36 |
Focus
⚔️ 53.0% · 🌾 47.0%
Archer ×23 · Militia ×7 · Gbeto ×5 · Mangonel ×1
Match map
Initial resources + every placement click. Lines = walls · curves = elevation contours. ◆ gold · ⬟ stone · ● berries · ✦ relic · ◌ wall gap
Your base· ✓ Closed at 24:09 · 16t walls · 2 gate(s)
PUB | Fanjita's base· ✓ Closed at 18:18 · 38t walls · 2 gate(s)
Trashclaus's base· Open — unwalled flank
theMole's base· ✓ Closed at 14:56 · 0t walls · no gate
Honda's base· Open — unwalled flank
Aten's base· ✓ Closed at 14:57 · 2t walls · no gate
ty's base· ✓ Closed at 19:40 · 29t walls · no gate
Breakfast's base· ✓ Closed at 20:53 · 37t walls · 3 gate(s)
Smoothed initial terrain · ◌ = detected wall gap · hover for details
Inputs per minute
— Hoyall - - PUB | Fanjita
Build order — Hoyall
First 150 of 190 actions detected
| 0:02 | Queue | Villager (Male) ×4 |
| 0:02 | Queue | Villager (Male) ×4 |
| 0:04 | Build | House |
| 0:05 | Build | House |
| 1:27 | Queue | Villager (Male) |
| 1:49 | Build | Lumber Camp |
| 1:56 | Queue | Villager (Male) |
| 2:16 | Queue | Villager (Male) |
| 2:43 | Queue | Villager (Male) |
| 2:43 | Queue | Villager (Male) |
| 3:02 | Queue | Villager (Male) |
| 3:35 | Build | House |
| 3:37 | Queue | Villager (Male) |
| 4:00 | Queue | Villager (Male) |
| 4:01 | Queue | Villager (Male) |
| 4:07 | Build | House |
| 4:19 | Queue | Villager (Male) |
| 4:57 | Queue | Villager (Male) |
| 5:16 | Queue | Villager (Male) |
| 5:31 | Queue | Villager (Male) |
| 5:52 | Build | House |
| 6:13 | Research | Wheelbarrow |
| 6:14 | Queue | Villager (Male) |
| 6:17 | Build | Mining Camp |
| 6:20 | Research | Loom |
| 6:42 | Queue | Villager (Male) |
| 6:54 | Build | Barracks |
| 7:12 | Research | Feudal Age |
| 7:12 | Research | Feudal Age |
| 7:47 | Research | Double-Bit Axe |
| 7:47 | Research | Double-Bit Axe |
| 8:21 | Queue | Militia |
| 8:22 | Queue | Militia |
| 8:28 | Queue | Villager (Male) |
| 8:37 | Build | Mill |
| 8:48 | Queue | Militia |
| 8:48 | Queue | Militia |
| 9:00 | Queue | Villager (Male) |
| 9:09 | Build | House |
| 9:18 | Queue | Militia |
| 9:22 | Age | Feudal Age |
| 9:32 | Build | House |
| 9:52 | Queue | Villager (Male) |
| 9:53 | Queue | Villager (Male) |
| 10:07 | Build | Archery Range |
| 10:08 | Queue | Villager (Male) |
| 10:24 | Research | Man-at-Arms (upgrade) |
| 10:25 | Research | Man-at-Arms (upgrade) |
| 10:58 | Queue | Militia |
| 11:14 | Queue | Villager (Male) |
| 11:14 | Queue | Villager (Male) |
| 11:15 | Queue | Archer |
| 11:15 | Queue | Archer |
| 11:17 | Build | House |
| 11:25 | Queue | Villager (Male) |
| 11:33 | Build | Blacksmith |
| 11:45 | Build | Palisade Wall |
| 11:49 | Build | Farm |
| 11:49 | Build | Farm |
| 11:55 | Queue | Archer |
| 12:29 | Queue | Villager (Male) |
| 12:31 | Queue | Villager (Male) |
| 13:04 | Queue | Villager (Male) |
| 13:06 | Build | Farm |
| 13:06 | Build | Farm |
| 13:06 | Build | Farm |
| 13:07 | Build | Farm |
| 13:09 | Build | Farm |
| 13:11 | Build | Farm |
| 13:13 | Queue | Villager (Male) |
| 13:18 | Queue | Skirmisher |
| 13:18 | Queue | Archer |
| 13:19 | Queue | Archer |
| 13:39 | Queue | Villager (Male) |
| 13:56 | Build | Archery Range |
| 14:08 | Build | House |
| 14:11 | Build | House |
| 14:17 | Build | House |
| 14:18 | Build | Palisade Wall |
| 14:40 | Queue | Villager (Male) |
| 14:43 | Queue | Archer |
| 14:43 | Queue | Skirmisher |
| 14:52 | Queue | Archer |
| 15:02 | Queue | Villager (Male) |
| 15:02 | Queue | Villager (Male) |
| 15:04 | Build | Farm |
| 15:39 | Queue | Archer |
| 15:39 | Queue | Skirmisher |
| 15:40 | Queue | Skirmisher |
| 15:44 | Build | House |
| 15:50 | Queue | Archer |
| 15:51 | Queue | Archer |
| 15:58 | Queue | Villager (Male) |
| 15:58 | Queue | Villager (Male) |
| 16:00 | Build | Farm |
| 16:20 | Queue | Skirmisher |
| 16:20 | Queue | Skirmisher |
| 16:20 | Queue | Archer |
| 16:40 | Research | Fletching |
| 16:40 | Research | Fletching |
| 16:40 | Queue | Villager (Male) |
| 16:41 | Queue | Villager (Male) |
| 16:46 | Build | House |
| 16:57 | Build | Farm |
| 17:00 | Build | Mining Camp |
| 17:20 | Research | Padded Archer Armor |
| 17:20 | Research | Padded Archer Armor |
| 17:20 | Queue | Villager (Male) |
| 17:28 | Queue | Skirmisher |
| 17:28 | Queue | Archer |
| 17:32 | Queue | Archer |
| 17:33 | Queue | Archer |
| 17:45 | Build | Farm |
| 17:52 | Queue | Archer |
| 17:57 | Build | House |
| 18:17 | Queue | Villager (Male) |
| 18:18 | Queue | Archer |
| 18:19 | Queue | Archer |
| 18:24 | Queue | Villager (Male) |
| 18:26 | Build | Farm |
| 18:30 | Queue | Archer |
| 18:56 | Queue | Archer |
| 19:04 | Research | Bow Saw |
| 19:04 | Research | Bow Saw |
| 19:04 | Queue | Villager (Male) |
| 19:04 | Queue | Villager (Male) |
| 19:16 | Build | Farm |
| 19:47 | Queue | Villager (Male) |
| 19:50 | Build | Farm |
| 19:57 | Build | Stone Wall |
| 19:59 | Build | Stone Wall |
| 20:13 | Queue | Villager (Male) |
| 20:20 | Build | Market |
| 20:40 | Queue | Villager (Male) |
| 20:43 | Build | Farm |
| 21:29 | Research | Castle Age |
| 21:38 | Build | Gate |
| 21:47 | Research | Horse Collar |
| 21:47 | Research | Horse Collar |
| 22:25 | Queue | Villager (Male) |
| 22:45 | Build | Gate |
| 23:02 | Research | Heavy Plow |
| 23:03 | Research | Heavy Plow |
| 23:39 | Research | Heavy Plow |
| 23:40 | Research | Heavy Plow |
| 23:47 | Queue | Archer |
| 23:48 | Queue | Archer |
| 23:48 | Queue | Archer |
| 24:04 | Build | Stone Wall |
| 24:05 | Build | Stone Wall |
Build order — PUB | Fanjita
First 150 of 203 actions detected
| 0:01 | Queue | Villager (Male) |
| 0:01 | Queue | Villager (Male) |
| 0:03 | Build | House |
| 0:04 | Build | House |
| 0:14 | Queue | Villager (Male) |
| 0:27 | Queue | Villager (Male) |
| 1:07 | Research | Loom |
| 1:07 | Queue | Villager (Male) |
| 1:24 | Build | Palisade Wall |
| 1:50 | Build | Palisade Wall |
| 1:53 | Build | Palisade Wall |
| 2:04 | Build | Palisade Wall |
| 2:05 | Build | Palisade Wall |
| 2:11 | Build | Palisade Wall |
| 2:14 | Build | Palisade Wall |
| 2:15 | Build | Palisade Wall |
| 2:25 | Build | Palisade Wall |
| 2:27 | Queue | Villager (Male) |
| 2:27 | Queue | Villager (Male) |
| 2:50 | Build | Palisade Gate |
| 2:54 | Queue | Villager (Male) |
| 2:55 | Queue | Villager (Male) |
| 3:04 | Build | Palisade Wall |
| 3:11 | Build | Palisade Wall |
| 3:27 | Build | Palisade Wall |
| 3:37 | Build | Palisade Wall |
| 3:38 | Build | Palisade Wall |
| 3:39 | Build | Palisade Wall |
| 3:48 | Queue | Villager (Male) |
| 3:49 | Queue | Villager (Male) |
| 4:06 | Build | Palisade Wall |
| 4:07 | Queue | Villager (Male) |
| 4:07 | Queue | Villager (Male) |
| 4:34 | Build | Palisade Gate |
| 4:40 | Build | Palisade Wall |
| 4:44 | Build | Palisade Wall |
| 4:46 | Build | Palisade Wall |
| 4:47 | Build | Palisade Wall |
| 4:48 | Build | Palisade Wall |
| 4:57 | Queue | Villager (Male) |
| 4:57 | Queue | Villager (Male) |
| 5:03 | Build | Palisade Wall |
| 5:18 | Build | Palisade Wall |
| 5:19 | Build | Palisade Wall |
| 5:28 | Build | Palisade Wall |
| 5:31 | Build | Palisade Wall |
| 5:33 | Build | Palisade Wall |
| 5:33 | Build | Palisade Wall |
| 5:38 | Queue | Villager (Male) |
| 5:38 | Queue | Villager (Male) |
| 5:49 | Build | Palisade Wall |
| 5:57 | Build | House |
| 5:59 | Queue | Villager (Male) |
| 5:59 | Queue | Villager (Male) |
| 6:31 | Queue | Villager (Male) |
| 6:43 | Queue | Villager (Male) |
| 7:19 | Build | Lumber Camp |
| 7:22 | Queue | Villager (Male) |
| 7:47 | Queue | Villager (Male) |
| 7:58 | Queue | Villager (Male) |
| 8:09 | Build | House |
| 8:16 | Queue | Villager (Male) |
| 8:28 | Queue | Villager (Male) |
| 8:55 | Queue | Villager (Male) |
| 8:58 | Build | Mining Camp |
| 9:15 | Queue | Villager (Male) |
| 10:01 | Queue | Villager (Male) |
| 10:18 | Build | Mill |
| 10:19 | Queue | Villager (Male) |
| 10:23 | Build | House |
| 10:51 | Queue | Villager (Male) |
| 11:08 | Queue | Villager (Male) |
| 11:20 | Build | Barracks |
| 11:48 | Research | Feudal Age |
| 11:49 | Research | Feudal Age |
| 12:12 | Build | House |
| 12:19 | Build | Lumber Camp |
| 13:15 | Build | Farm |
| 13:16 | Build | Farm |
| 13:24 | Queue | Villager (Male) |
| 13:52 | Queue | Villager (Male) |
| 13:58 | Age | Feudal Age |
| 14:00 | Build | Archery Range |
| 14:03 | Queue | Villager (Male) |
| 14:08 | Build | Stone Wall |
| 14:18 | Build | Market |
| 14:24 | Queue | Villager (Male) |
| 15:10 | Build | House |
| 15:14 | Queue | Villager (Male) |
| 15:35 | Queue | Archer |
| 15:37 | Research | Castle Age |
| 15:37 | Research | Castle Age |
| 15:46 | Build | Farm |
| 15:59 | Queue | Archer |
| 16:24 | Research | Double-Bit Axe |
| 16:24 | Research | Double-Bit Axe |
| 16:26 | Queue | Archer |
| 16:55 | Research | Horse Collar |
| 16:56 | Research | Horse Collar |
| 16:57 | Queue | Archer |
| 17:17 | Build | Stone Wall |
| 17:18 | Build | Stone Wall |
| 17:23 | Build | Archery Range |
| 17:26 | Queue | Archer |
| 17:30 | Build | Blacksmith |
| 17:44 | Queue | Archer |
| 17:47 | Build | House |
| 18:14 | Research | Fletching |
| 18:14 | Research | Fletching |
| 18:18 | Age | Castle Age |
| 18:22 | Build | Archery Range |
| 18:23 | Research | Crossbowman (upgrade) |
| 18:23 | Research | Crossbowman (upgrade) |
| 18:24 | Queue | Villager (Male) |
| 18:32 | Queue | Villager (Male) |
| 18:46 | Queue | Villager (Male) |
| 18:49 | Build | House |
| 19:07 | Build | Stone Wall |
| 19:14 | Build | Stone Wall |
| 19:15 | Queue | Archer |
| 19:17 | Queue | Archer |
| 19:18 | Build | House |
| 19:24 | Queue | Archer |
| 19:25 | Queue | Villager (Male) |
| 19:29 | Build | Farm |
| 19:30 | Build | Farm |
| 19:35 | Research | Bodkin Arrow |
| 19:35 | Research | Bodkin Arrow |
| 19:40 | Build | Farm |
| 19:42 | Build | Farm |
| 19:53 | Build | House |
| 19:56 | Queue | Archer |
| 19:56 | Queue | Archer |
| 19:59 | Queue | Villager (Male) |
| 20:01 | Queue | Villager (Male) |
| 20:16 | Build | Stone Wall |
| 20:39 | Queue | Archer |
| 20:55 | Queue | Archer |
| 20:55 | Queue | Archer |
| 20:58 | Queue | Archer |
| 21:01 | Queue | Villager (Male) |
| 21:06 | Build | Stone Wall |
| 21:18 | Queue | Archer |
| 21:18 | Queue | Archer |
| 21:24 | Queue | Villager (Male) |
| 21:27 | Build | Farm |
| 21:28 | Build | Farm |
| 21:37 | Queue | Archer |
| 21:37 | Queue | Archer |
| 21:39 | Queue | Villager (Male) |
Build order — Trashclaus
126 actions detected in the replay
| 0:01 | Queue | Villager (Male) |
| 0:02 | Queue | Villager (Male) |
| 0:03 | Build | House |
| 0:04 | Build | House |
| 0:19 | Queue | Villager (Male) |
| 0:20 | Queue | Villager (Male) |
| 1:24 | Build | Lumber Camp |
| 1:32 | Queue | Villager (Male) |
| 2:04 | Queue | Villager (Male) |
| 2:24 | Queue | Villager (Male) |
| 2:55 | Queue | Villager (Male) |
| 3:23 | Queue | Villager (Male) |
| 3:48 | Queue | Villager (Male) |
| 4:05 | Queue | Villager (Male) |
| 4:18 | Build | House |
| 4:19 | Build | Mill |
| 4:34 | Queue | Villager (Male) |
| 4:59 | Queue | Villager (Male) |
| 4:59 | Queue | Villager (Male) |
| 5:10 | Queue | Villager (Male) |
| 5:32 | Queue | Villager (Male) |
| 6:08 | Build | House |
| 6:16 | Queue | Villager (Male) |
| 6:56 | Queue | Villager (Male) |
| 7:10 | Queue | Villager (Male) |
| 7:59 | Queue | Villager (Male) |
| 8:08 | Build | Mill |
| 8:11 | Build | Mining Camp |
| 8:27 | Queue | Villager (Male) |
| 8:50 | Queue | Villager (Male) |
| 9:07 | Research | Feudal Age |
| 9:59 | Build | House |
| 11:07 | Queue | Villager (Male) |
| 11:08 | Queue | Villager (Male) |
| 11:27 | Age | Feudal Age |
| 11:29 | Build | Market |
| 11:31 | Build | Blacksmith |
| 11:42 | Build | Palisade Wall |
| 11:46 | Build | Palisade Gate |
| 12:18 | Research | Castle Age |
| 12:19 | Research | Castle Age |
| 12:29 | Build | Mining Camp |
| 12:44 | Research | Double-Bit Axe |
| 12:56 | Research | Horse Collar |
| 13:04 | Build | Farm |
| 13:06 | Build | Farm |
| 13:09 | Build | Farm |
| 13:27 | Build | Farm |
| 13:40 | Build | Farm |
| 13:50 | Build | House |
| 14:01 | Research | Loom |
| 14:20 | Research | Stone Mining |
| 14:31 | Queue | Villager (Male) |
| 14:31 | Queue | Villager (Male) |
| 14:32 | Queue | Villager (Male) |
| 14:58 | Age | Castle Age |
| 14:59 | Research | Bow Saw |
| 15:40 | Queue | Villager (Male) |
| 15:50 | Research | Heavy Plow |
| 16:19 | Build | Castle |
| 16:21 | Queue | Villager (Male) |
| 16:21 | Queue | Villager (Male) |
| 16:25 | Build | Farm |
| 16:48 | Build | Farm |
| 16:53 | Build | House |
| 16:55 | Build | House |
| 16:59 | Queue | Villager (Male) |
| 17:07 | Build | Farm |
| 17:15 | Queue | Villager (Male) |
| 17:36 | Build | Farm |
| 17:40 | Build | Farm |
| 17:41 | Research | Wheelbarrow |
| 17:59 | Build | Farm |
| 18:32 | Build | Farm |
| 18:43 | Queue | Villager (Male) |
| 18:43 | Queue | Villager (Male) |
| 18:45 | Queue | Unit 1968 |
| 18:45 | Queue | Unit 1968 |
| 19:03 | Build | Lumber Camp |
| 19:11 | Queue | Unit 1968 |
| 19:31 | Queue | Unit 1968 |
| 19:35 | Research | Fletching |
| 19:41 | Queue | Unit 1968 |
| 19:48 | Queue | Villager (Male) |
| 19:49 | Queue | Unit 1968 |
| 20:07 | Queue | Villager (Male) |
| 20:11 | Queue | Unit 1968 |
| 20:22 | Queue | Villager (Male) |
| 20:35 | Build | Siege Workshop |
| 21:15 | Build | Siege Workshop |
| 21:29 | Queue | Villager (Male) |
| 21:29 | Queue | Villager (Male) |
| 21:31 | Queue | Unit 1968 |
| 21:48 | Queue | Scorpion |
| 22:02 | Queue | Villager (Male) |
| 22:28 | Queue | Villager (Male) |
| 22:50 | Queue | Unit 1968 |
| 22:52 | Queue | Villager (Male) |
| 22:58 | Build | Farm |
| 23:01 | Queue | Scorpion |
| 23:02 | Queue | Scorpion |
| 23:19 | Build | Farm |
| 23:37 | Queue | Villager (Male) |
| 23:43 | Build | Barracks |
| 23:51 | Queue | Villager (Male) |
| 24:04 | Queue | Unit 1968 |
| 24:05 | Queue | Unit 1968 |
| 24:27 | Research | Hand Cart |
| 24:38 | Queue | Villager (Male) |
| 24:45 | Queue | Unit 1974 |
| 24:45 | Queue | Unit 1974 |
| 24:59 | Build | Monastery |
| 25:05 | Queue | Villager (Male) |
| 25:25 | Queue | Villager (Male) |
| 25:41 | Queue | Villager (Male) |
| 25:48 | Build | Town Center |
| 25:57 | Queue | Unit 1974 |
| 26:00 | Build | Palisade Gate |
| 26:01 | Build | Palisade Wall |
| 26:03 | Build | Palisade Wall |
| 26:29 | Queue | Scorpion |
| 26:40 | Queue | Villager (Male) |
| 27:01 | Queue | Scorpion |
| 27:03 | Queue | Villager (Male) |
| 27:14 | Build | Mining Camp |
| 27:38 | Queue | Monk |
Build order — theMole
First 150 of 245 actions detected
| 0:01 | Queue | Villager (Male) |
| 0:01 | Queue | Villager (Male) |
| 0:02 | Queue | Villager (Male) |
| 0:02 | Queue | Villager (Male) |
| 0:03 | Build | House |
| 0:04 | Build | House |
| 1:32 | Queue | Villager (Male) |
| 1:47 | Build | Lumber Camp |
| 2:04 | Queue | Villager (Male) |
| 2:04 | Queue | Villager (Male) |
| 2:24 | Queue | Villager (Male) |
| 2:24 | Queue | Villager (Male) |
| 2:56 | Queue | Villager (Male) |
| 2:56 | Queue | Villager (Male) |
| 3:06 | Queue | Villager (Male) |
| 3:07 | Queue | Villager (Male) |
| 3:30 | Queue | Villager (Male) |
| 3:31 | Queue | Villager (Male) |
| 3:49 | Build | House |
| 3:59 | Queue | Villager (Male) |
| 3:59 | Queue | Villager (Male) |
| 4:17 | Build | Mill |
| 4:19 | Queue | Villager (Male) |
| 4:35 | Build | House |
| 4:42 | Queue | Villager (Male) |
| 5:11 | Queue | Villager (Male) |
| 5:11 | Queue | Villager (Male) |
| 5:41 | Queue | Villager (Male) |
| 5:54 | Queue | Villager (Male) |
| 6:31 | Queue | Villager (Male) |
| 6:52 | Queue | Villager (Male) |
| 6:59 | Build | House |
| 7:10 | Queue | Villager (Male) |
| 7:33 | Build | Farm |
| 7:58 | Build | Farm |
| 8:02 | Queue | Villager (Male) |
| 8:26 | Build | Mining Camp |
| 8:32 | Research | Feudal Age |
| 8:48 | Queue | Villager (Male) |
| 8:48 | Queue | Villager (Male) |
| 10:56 | Age | Feudal Age |
| 10:57 | Build | Market |
| 10:58 | Build | Blacksmith |
| 11:49 | Queue | Villager (Male) |
| 11:53 | Build | Farm |
| 11:58 | Build | Farm |
| 12:16 | Research | Castle Age |
| 12:16 | Research | Castle Age |
| 12:47 | Research | Double-Bit Axe |
| 13:02 | Research | Horse Collar |
| 13:18 | Build | House |
| 13:19 | Build | House |
| 13:44 | Queue | Villager (Male) |
| 13:46 | Build | Farm |
| 14:07 | Queue | Villager (Male) |
| 14:56 | Age | Castle Age |
| 15:00 | Queue | Villager (Male) |
| 15:07 | Build | Town Center |
| 15:15 | Queue | Villager (Male) |
| 15:20 | Build | Town Center |
| 15:21 | Research | Bow Saw |
| 15:22 | Queue | Villager (Male) |
| 15:32 | Build | Farm |
| 15:32 | Queue | Villager (Male) |
| 15:41 | Build | Farm |
| 15:41 | Queue | Villager (Male) |
| 15:46 | Build | Farm |
| 15:49 | Build | Farm |
| 15:58 | Queue | Villager (Male) |
| 16:06 | Build | Farm |
| 16:22 | Queue | Villager (Male) |
| 16:25 | Build | Farm |
| 16:40 | Research | Wheelbarrow |
| 16:40 | Research | Wheelbarrow |
| 16:41 | Queue | Villager (Male) |
| 16:47 | Queue | Villager (Male) |
| 16:48 | Queue | Villager (Male) |
| 16:54 | Queue | Villager (Male) |
| 16:55 | Build | Farm |
| 17:02 | Build | Farm |
| 17:03 | Queue | Villager (Male) |
| 17:10 | Build | Farm |
| 17:19 | Queue | Villager (Male) |
| 17:20 | Queue | Villager (Male) |
| 17:23 | Queue | Villager (Male) |
| 17:28 | Build | Farm |
| 17:33 | Build | Farm |
| 17:33 | Build | Farm |
| 17:35 | Queue | Villager (Male) |
| 17:35 | Queue | Villager (Male) |
| 17:48 | Build | Farm |
| 17:49 | Queue | Villager (Male) |
| 17:49 | Queue | Villager (Male) |
| 17:53 | Queue | Villager (Male) |
| 17:56 | Build | Farm |
| 18:02 | Queue | Villager (Male) |
| 18:03 | Build | Farm |
| 18:12 | Build | Farm |
| 18:13 | Queue | Villager (Male) |
| 18:14 | Queue | Villager (Male) |
| 18:23 | Build | House |
| 18:25 | Build | House |
| 18:25 | Build | House |
| 18:26 | Build | House |
| 18:27 | Queue | Villager (Male) |
| 18:27 | Queue | Villager (Male) |
| 18:33 | Build | Farm |
| 18:40 | Queue | Villager (Male) |
| 18:40 | Queue | Villager (Male) |
| 18:44 | Build | Farm |
| 18:44 | Queue | Villager (Male) |
| 18:49 | Build | Farm |
| 18:53 | Queue | Villager (Male) |
| 18:53 | Queue | Villager (Male) |
| 19:00 | Build | Farm |
| 19:10 | Queue | Villager (Male) |
| 19:13 | Build | Farm |
| 19:14 | Queue | Villager (Male) |
| 19:16 | Build | Farm |
| 19:20 | Build | Farm |
| 19:23 | Queue | Villager (Male) |
| 19:23 | Queue | Villager (Male) |
| 19:31 | Build | Farm |
| 19:37 | Queue | Villager (Male) |
| 19:41 | Build | Farm |
| 19:41 | Queue | Villager (Male) |
| 19:43 | Build | Farm |
| 19:43 | Queue | Villager (Male) |
| 19:48 | Build | Farm |
| 20:19 | Build | Farm |
| 20:24 | Build | University |
| 20:26 | Queue | Villager (Male) |
| 20:28 | Build | House |
| 20:29 | Build | House |
| 20:45 | Queue | Villager (Male) |
| 20:50 | Build | Mining Camp |
| 20:53 | Research | Gold Mining |
| 20:53 | Research | Gold Mining |
| 20:55 | Queue | Villager (Male) |
| 21:01 | Queue | Villager (Male) |
| 21:08 | Queue | Villager (Male) |
| 21:13 | Queue | Villager (Male) |
| 21:13 | Queue | Villager (Male) |
| 21:25 | Build | Siege Workshop |
| 21:34 | Build | House |
| 21:35 | Build | House |
| 21:40 | Queue | Villager (Male) |
| 21:54 | Build | Barracks |
| 21:57 | Queue | Villager (Male) |
| 21:57 | Queue | Villager (Male) |
Build order — Honda
First 150 of 276 actions detected
| 0:00 | Queue | Villager (Male) |
| 0:01 | Queue | Villager (Male) |
| 0:01 | Queue | Villager (Male) |
| 0:02 | Build | House |
| 0:03 | Build | House |
| 0:08 | Queue | Villager (Male) |
| 0:08 | Queue | Villager (Male) |
| 1:25 | Queue | Villager (Male) |
| 1:25 | Queue | Villager (Male) |
| 1:47 | Build | Lumber Camp |
| 1:54 | Queue | Villager (Male) |
| 2:12 | Queue | Villager (Male) |
| 2:13 | Queue | Villager (Male) |
| 2:46 | Queue | Villager (Male) |
| 2:46 | Queue | Villager (Male) |
| 2:59 | Queue | Villager (Male) |
| 2:59 | Queue | Villager (Male) |
| 3:24 | Queue | Villager (Male) |
| 3:25 | Queue | Villager (Male) |
| 3:48 | Build | House |
| 3:51 | Queue | Villager (Male) |
| 3:51 | Queue | Villager (Male) |
| 4:16 | Build | Mill |
| 4:23 | Queue | Villager (Male) |
| 4:23 | Queue | Villager (Male) |
| 5:16 | Queue | Villager (Male) |
| 5:16 | Queue | Villager (Male) |
| 5:20 | Build | House |
| 5:36 | Queue | Villager (Male) |
| 5:36 | Queue | Villager (Male) |
| 5:50 | Queue | Villager (Male) |
| 5:50 | Queue | Villager (Male) |
| 5:59 | Queue | Villager (Male) |
| 6:00 | Queue | Villager (Male) |
| 6:03 | Build | Mill |
| 6:20 | Build | House |
| 6:42 | Queue | Villager (Male) |
| 6:43 | Queue | Villager (Male) |
| 6:46 | Queue | Villager (Male) |
| 7:12 | Queue | Villager (Male) |
| 7:31 | Queue | Villager (Male) |
| 7:48 | Queue | Villager (Male) |
| 7:51 | Queue | Villager (Male) |
| 8:25 | Build | Mining Camp |
| 8:44 | Research | Feudal Age |
| 8:45 | Research | Feudal Age |
| 10:09 | Queue | Villager (Male) |
| 10:56 | Age | Feudal Age |
| 10:59 | Queue | Villager (Male) |
| 11:08 | Build | Market |
| 11:11 | Build | Blacksmith |
| 11:18 | Queue | Villager (Male) |
| 11:28 | Build | Farm |
| 11:31 | Build | Farm |
| 11:56 | Research | Castle Age |
| 11:57 | Research | Castle Age |
| 12:01 | Research | Double-Bit Axe |
| 12:01 | Research | Double-Bit Axe |
| 12:27 | Research | Horse Collar |
| 12:27 | Research | Horse Collar |
| 12:27 | Research | Horse Collar |
| 12:54 | Build | House |
| 13:31 | Build | Farm |
| 13:34 | Build | Farm |
| 14:09 | Queue | Villager (Male) |
| 14:36 | Age | Castle Age |
| 14:39 | Build | Town Center |
| 14:43 | Build | Town Center |
| 14:44 | Research | Bow Saw |
| 14:44 | Research | Bow Saw |
| 14:44 | Queue | Villager (Male) |
| 14:48 | Research | Loom |
| 14:49 | Research | Loom |
| 15:07 | Queue | Villager (Male) |
| 15:16 | Queue | Villager (Male) |
| 15:20 | Queue | Villager (Male) |
| 15:42 | Build | Monastery |
| 16:00 | Queue | Villager (Male) |
| 16:05 | Queue | Villager (Male) |
| 16:05 | Queue | Villager (Male) |
| 16:11 | Build | Farm |
| 16:12 | Build | Farm |
| 16:16 | Queue | Villager (Male) |
| 16:16 | Queue | Villager (Male) |
| 16:18 | Build | Farm |
| 16:28 | Build | Farm |
| 16:29 | Queue | Monk |
| 16:34 | Build | Farm |
| 16:37 | Build | Farm |
| 16:39 | Queue | Villager (Male) |
| 16:39 | Queue | Villager (Male) |
| 16:49 | Build | Farm |
| 17:01 | Queue | Villager (Male) |
| 17:01 | Queue | Villager (Male) |
| 17:07 | Build | Farm |
| 17:11 | Build | Farm |
| 17:12 | Build | Farm |
| 17:14 | Queue | Villager (Male) |
| 17:14 | Queue | Villager (Male) |
| 17:41 | Queue | Villager (Male) |
| 17:41 | Queue | Villager (Male) |
| 17:43 | Build | Farm |
| 17:44 | Build | Farm |
| 17:46 | Queue | Villager (Male) |
| 17:46 | Queue | Villager (Male) |
| 17:51 | Build | House |
| 17:52 | Build | House |
| 17:53 | Queue | Villager (Male) |
| 17:53 | Queue | Villager (Male) |
| 17:57 | Build | Lumber Camp |
| 17:58 | Queue | Villager (Male) |
| 18:09 | Build | Farm |
| 18:10 | Build | Farm |
| 18:10 | Queue | Villager (Male) |
| 18:10 | Queue | Villager (Male) |
| 18:20 | Queue | Villager (Male) |
| 18:20 | Queue | Villager (Male) |
| 18:45 | Build | Siege Workshop |
| 18:48 | Queue | Villager (Male) |
| 18:48 | Queue | Villager (Male) |
| 18:48 | Queue | Villager (Male) |
| 18:49 | Queue | Villager (Male) |
| 18:49 | Queue | Villager (Male) |
| 18:53 | Build | House |
| 18:54 | Queue | Villager (Male) |
| 18:54 | Queue | Villager (Male) |
| 19:04 | Queue | Villager (Male) |
| 19:05 | Queue | Villager (Male) |
| 19:10 | Build | Farm |
| 19:11 | Build | Farm |
| 19:12 | Queue | Villager (Male) |
| 19:12 | Queue | Villager (Male) |
| 19:18 | Queue | Scorpion |
| 19:22 | Queue | Villager (Male) |
| 19:23 | Queue | Villager (Male) |
| 19:23 | Queue | Villager (Male) |
| 19:29 | Build | Farm |
| 19:30 | Build | Farm |
| 19:32 | Queue | Villager (Male) |
| 19:33 | Queue | Villager (Male) |
| 19:38 | Queue | Villager (Male) |
| 19:38 | Queue | Villager (Male) |
| 19:45 | Queue | Mangonel |
| 19:45 | Queue | Mangonel |
| 19:48 | Queue | Villager (Male) |
| 19:49 | Queue | Villager (Male) |
| 19:49 | Queue | Villager (Male) |
| 19:58 | Queue | Villager (Male) |
| 19:58 | Queue | Villager (Male) |
| 20:10 | Build | Farm |
Build order — Aten
First 150 of 226 actions detected
| 0:01 | Queue | Villager (Male) |
| 0:01 | Queue | Villager (Male) |
| 0:03 | Build | House |
| 0:04 | Build | House |
| 0:16 | Queue | Villager (Male) |
| 0:16 | Queue | Villager (Male) |
| 0:17 | Queue | Villager (Male) |
| 1:20 | Queue | Villager (Male) |
| 1:20 | Queue | Villager (Male) |
| 2:08 | Queue | Villager (Male) |
| 2:08 | Queue | Villager (Male) |
| 2:09 | Queue | Villager (Male) |
| 2:10 | Queue | Villager (Male) |
| 2:43 | Queue | Villager (Male) |
| 2:43 | Queue | Villager (Male) |
| 2:45 | Build | Lumber Camp |
| 3:00 | Queue | Villager (Male) |
| 3:00 | Queue | Villager (Male) |
| 3:30 | Build | House |
| 3:34 | Queue | Villager (Male) |
| 3:34 | Queue | Villager (Male) |
| 3:52 | Queue | Villager (Male) |
| 4:21 | Build | House |
| 4:22 | Build | House |
| 4:37 | Queue | Villager (Male) |
| 4:37 | Queue | Villager (Male) |
| 4:43 | Build | Mill |
| 5:07 | Queue | Villager (Male) |
| 5:07 | Queue | Villager (Male) |
| 5:14 | Queue | Villager (Male) |
| 5:14 | Queue | Villager (Male) |
| 5:23 | Queue | Villager (Male) |
| 5:39 | Queue | Villager (Male) |
| 6:15 | Queue | Villager (Male) |
| 6:21 | Queue | Villager (Male) |
| 6:21 | Queue | Villager (Male) |
| 6:33 | Queue | Villager (Male) |
| 6:45 | Queue | Villager (Male) |
| 6:57 | Queue | Villager (Male) |
| 6:58 | Queue | Villager (Male) |
| 7:25 | Queue | Villager (Male) |
| 7:26 | Queue | Villager (Male) |
| 8:04 | Queue | Villager (Male) |
| 8:22 | Queue | Villager (Male) |
| 8:22 | Queue | Villager (Male) |
| 8:31 | Build | Mining Camp |
| 9:03 | Research | Feudal Age |
| 9:20 | Queue | Villager (Male) |
| 9:20 | Queue | Villager (Male) |
| 9:37 | Build | Palisade Wall |
| 9:44 | Build | Palisade Wall |
| 9:54 | Queue | Villager (Male) |
| 11:27 | Age | Feudal Age |
| 11:28 | Build | Market |
| 11:29 | Build | Blacksmith |
| 12:15 | Research | Castle Age |
| 12:15 | Research | Castle Age |
| 12:35 | Research | Double-Bit Axe |
| 12:35 | Research | Double-Bit Axe |
| 13:02 | Research | Horse Collar |
| 13:02 | Research | Horse Collar |
| 13:32 | Build | Farm |
| 13:34 | Build | Farm |
| 13:37 | Build | Farm |
| 13:39 | Build | Farm |
| 13:48 | Build | Farm |
| 13:50 | Build | Farm |
| 14:52 | Queue | Villager (Male) |
| 14:57 | Age | Castle Age |
| 14:59 | Build | Town Center |
| 15:08 | Queue | Villager (Male) |
| 15:11 | Build | Town Center |
| 15:23 | Queue | Villager (Male) |
| 15:29 | Research | Bow Saw |
| 15:29 | Research | Bow Saw |
| 15:41 | Queue | Villager (Male) |
| 15:45 | Build | House |
| 16:00 | Queue | Villager (Male) |
| 16:07 | Build | Farm |
| 16:24 | Queue | Villager (Male) |
| 16:29 | Build | Farm |
| 16:34 | Queue | Villager (Male) |
| 16:34 | Queue | Villager (Male) |
| 16:40 | Queue | Villager (Male) |
| 16:40 | Queue | Villager (Male) |
| 16:47 | Build | Farm |
| 17:03 | Queue | Villager (Male) ×4 |
| 17:04 | Build | Farm |
| 17:06 | Build | Farm |
| 17:07 | Build | Farm |
| 17:12 | Build | Farm |
| 17:14 | Build | Farm |
| 17:20 | Build | Farm |
| 17:22 | Build | Farm |
| 17:24 | Build | Farm |
| 17:32 | Build | Farm |
| 17:49 | Research | Wheelbarrow |
| 17:49 | Research | Wheelbarrow |
| 17:57 | Queue | Villager (Male) |
| 18:00 | Queue | Villager (Male) ×2 |
| 18:00 | Queue | Villager (Male) ×2 |
| 18:09 | Build | Town Center |
| 18:12 | Queue | Villager (Male) ×2 |
| 18:18 | Build | Farm |
| 18:21 | Build | Farm |
| 18:27 | Queue | Villager (Male) |
| 18:29 | Build | Farm |
| 18:36 | Queue | Villager (Male) |
| 18:40 | Build | House |
| 18:43 | Build | House |
| 18:48 | Queue | Villager (Male) ×2 |
| 18:53 | Build | House |
| 19:18 | Queue | Villager (Male) ×4 |
| 19:21 | Build | Farm |
| 19:21 | Build | Farm |
| 19:22 | Build | Farm |
| 19:22 | Build | Farm |
| 19:22 | Build | Farm |
| 19:23 | Build | Farm |
| 19:32 | Build | House |
| 19:32 | Build | House |
| 19:50 | Queue | Villager (Male) ×5 |
| 19:56 | Queue | Villager (Male) |
| 19:57 | Queue | Villager (Male) |
| 20:05 | Build | Monastery |
| 20:07 | Queue | Villager (Male) ×2 |
| 20:09 | Queue | Villager (Male) |
| 20:12 | Build | Farm |
| 20:12 | Build | Farm |
| 20:12 | Build | Farm |
| 20:12 | Build | Farm |
| 20:17 | Queue | Villager (Male) |
| 20:19 | Build | Farm |
| 20:25 | Build | Farm |
| 20:30 | Queue | Villager (Male) ×2 |
| 20:30 | Queue | Villager (Male) ×2 |
| 20:41 | Build | House |
| 20:44 | Build | House |
| 20:46 | Queue | Monk |
| 21:20 | Queue | Villager (Male) ×5 |
| 21:22 | Queue | Villager (Male) ×5 |
| 21:26 | Build | Farm |
| 21:28 | Build | Farm |
| 21:31 | Research | Hand Cart |
| 21:33 | Queue | Villager (Male) |
| 21:38 | Build | Farm |
| 21:39 | Build | Farm |
| 21:41 | Build | Farm |
| 21:51 | Build | Farm |
| 21:59 | Queue | Villager (Male) ×5 |
Build order — ty
First 150 of 222 actions detected
| 0:03 | Build | House |
| 0:04 | Queue | Villager (Male) |
| 0:04 | Queue | Villager (Male) |
| 0:05 | Build | House |
| 0:21 | Queue | Villager (Male) |
| 0:31 | Research | Loom |
| 0:36 | Queue | Villager (Male) |
| 0:53 | Queue | Villager (Male) |
| 0:54 | Queue | Villager (Male) |
| 1:08 | Build | Palisade Wall |
| 1:10 | Build | Palisade Wall |
| 1:11 | Build | Palisade Wall |
| 1:12 | Build | Palisade Wall |
| 1:15 | Build | Palisade Wall |
| 1:17 | Build | Palisade Wall |
| 1:18 | Build | Palisade Wall |
| 1:19 | Build | Palisade Wall |
| 1:32 | Queue | Villager (Male) |
| 1:32 | Queue | Villager (Male) |
| 2:24 | Queue | Villager (Male) |
| 2:24 | Queue | Villager (Male) |
| 2:24 | Queue | Villager (Male) |
| 2:36 | Build | Palisade Wall |
| 2:54 | Build | Palisade Wall |
| 2:55 | Build | Palisade Wall |
| 3:00 | Build | Palisade Wall |
| 3:12 | Build | Palisade Wall |
| 3:40 | Queue | Villager (Male) |
| 3:40 | Queue | Villager (Male) |
| 3:40 | Queue | Villager (Male) |
| 4:11 | Queue | Villager (Male) |
| 4:12 | Queue | Villager (Male) |
| 4:13 | Queue | Villager (Male) |
| 4:14 | Queue | Villager (Male) |
| 4:55 | Queue | Villager (Male) |
| 4:56 | Queue | Villager (Male) |
| 5:15 | Build | Lumber Camp |
| 5:20 | Queue | Villager (Male) |
| 5:20 | Queue | Villager (Male) |
| 6:09 | Build | Palisade Wall |
| 6:12 | Build | Palisade Wall |
| 6:15 | Queue | Villager (Male) |
| 6:15 | Queue | Villager (Male) |
| 6:43 | Queue | Villager (Male) |
| 6:44 | Queue | Villager (Male) |
| 6:44 | Queue | Villager (Male) |
| 6:58 | Queue | Villager (Male) |
| 6:58 | Queue | Villager (Male) |
| 7:26 | Queue | Villager (Male) |
| 7:26 | Queue | Villager (Male) |
| 7:45 | Build | Mill |
| 8:12 | Build | Palisade Wall |
| 8:16 | Build | Palisade Wall |
| 8:18 | Build | Palisade Wall |
| 8:35 | Queue | Villager (Male) |
| 8:35 | Queue | Villager (Male) |
| 8:40 | Build | House |
| 8:49 | Queue | Villager (Male) |
| 8:49 | Queue | Villager (Male) |
| 9:43 | Queue | Villager (Male) |
| 9:43 | Queue | Villager (Male) |
| 9:44 | Queue | Villager (Male) |
| 9:44 | Queue | Villager (Male) |
| 10:03 | Build | House |
| 10:04 | Build | House |
| 10:15 | Queue | Villager (Male) |
| 10:16 | Queue | Villager (Male) |
| 10:18 | Queue | Villager (Male) |
| 10:35 | Queue | Villager (Male) |
| 10:35 | Queue | Villager (Male) |
| 10:37 | Queue | Villager (Male) |
| 10:37 | Queue | Villager (Male) |
| 10:47 | Queue | Villager (Male) |
| 10:47 | Queue | Villager (Male) |
| 11:10 | Queue | Villager (Male) |
| 11:10 | Queue | Villager (Male) |
| 11:18 | Build | Mill |
| 11:22 | Queue | Villager (Male) |
| 11:22 | Queue | Villager (Male) |
| 12:07 | Queue | Villager (Male) |
| 12:20 | Build | Mining Camp |
| 12:38 | Build | Mining Camp |
| 13:10 | Build | Farm |
| 13:30 | Research | Feudal Age |
| 14:03 | Build | Mining Camp |
| 16:03 | Queue | Villager (Male) |
| 16:03 | Queue | Villager (Male) |
| 16:03 | Age | Feudal Age |
| 16:07 | Build | Market |
| 16:11 | Build | Blacksmith |
| 16:37 | Build | Farm |
| 17:00 | Research | Castle Age |
| 17:00 | Research | Castle Age |
| 17:33 | Research | Double-Bit Axe |
| 17:37 | Build | Farm |
| 17:53 | Research | Horse Collar |
| 17:53 | Research | Horse Collar |
| 17:54 | Research | Horse Collar |
| 19:32 | Queue | Villager (Male) |
| 19:40 | Age | Castle Age |
| 19:44 | Build | Town Center |
| 19:52 | Build | Town Center |
| 20:04 | Queue | Villager (Male) |
| 20:05 | Research | Bow Saw |
| 20:21 | Queue | Villager (Male) |
| 20:25 | Build | Farm |
| 20:57 | Queue | Villager (Male) |
| 20:58 | Queue | Villager (Male) |
| 20:58 | Queue | Villager (Male) |
| 21:00 | Build | Farm |
| 21:02 | Queue | Villager (Male) |
| 21:06 | Build | Farm |
| 21:09 | Build | Farm |
| 21:15 | Build | Farm |
| 21:16 | Queue | Villager (Male) |
| 21:16 | Queue | Villager (Male) |
| 21:17 | Queue | Villager (Male) |
| 21:19 | Build | Farm |
| 21:28 | Build | Farm |
| 21:28 | Queue | Villager (Male) |
| 21:29 | Queue | Villager (Male) |
| 21:43 | Build | Farm |
| 21:51 | Queue | Villager (Male) |
| 21:56 | Queue | Villager (Male) |
| 21:56 | Queue | Villager (Male) |
| 21:57 | Queue | Villager (Male) |
| 21:58 | Build | Farm |
| 21:59 | Queue | Villager (Male) |
| 22:00 | Build | Farm |
| 22:10 | Queue | Villager (Male) |
| 22:12 | Build | Farm |
| 22:18 | Build | Farm |
| 22:24 | Queue | Villager (Male) |
| 22:26 | Build | Farm |
| 22:27 | Queue | Villager (Male) |
| 22:27 | Queue | Villager (Male) |
| 22:39 | Queue | Villager (Male) |
| 22:52 | Queue | Villager (Male) |
| 22:56 | Queue | Villager (Male) |
| 22:56 | Queue | Villager (Male) |
| 22:58 | Build | Farm |
| 22:59 | Build | House |
| 23:06 | Build | Farm |
| 23:12 | Queue | Villager (Male) |
| 23:12 | Queue | Villager (Male) |
| 23:14 | Build | House |
| 23:21 | Build | Farm |
| 23:26 | Queue | Villager (Male) |
| 23:26 | Queue | Villager (Male) |
| 23:35 | Build | Farm |
Build order — Breakfast
First 150 of 168 actions detected
| 0:01 | Queue | Villager (Male) ×4 |
| 0:03 | Build | House |
| 0:04 | Build | House |
| 0:20 | Research | Loom |
| 0:46 | Queue | Villager (Male) ×2 |
| 1:04 | Build | Palisade Wall |
| 1:39 | Queue | Villager (Male) |
| 1:39 | Queue | Villager (Male) |
| 2:21 | Build | Lumber Camp |
| 2:25 | Queue | Villager (Male) |
| 2:48 | Queue | Villager (Male) |
| 2:48 | Queue | Villager (Male) |
| 3:08 | Queue | Villager (Male) |
| 3:28 | Build | House |
| 3:38 | Queue | Villager (Male) |
| 3:38 | Queue | Villager (Male) |
| 4:10 | Queue | Villager (Male) |
| 4:10 | Queue | Villager (Male) |
| 4:38 | Queue | Villager (Male) |
| 4:38 | Queue | Villager (Male) |
| 4:41 | Build | House |
| 5:03 | Queue | Villager (Male) |
| 5:03 | Queue | Villager (Male) |
| 5:28 | Queue | Villager (Male) |
| 5:28 | Queue | Villager (Male) |
| 5:32 | Build | Mill |
| 5:48 | Queue | Villager (Male) |
| 5:49 | Queue | Villager (Male) |
| 5:49 | Queue | Villager (Male) |
| 5:49 | Queue | Villager (Male) |
| 7:02 | Queue | Villager (Male) ×5 |
| 7:15 | Build | Barracks |
| 7:46 | Queue | Villager (Male) |
| 8:04 | Build | Mining Camp |
| 8:13 | Research | Feudal Age |
| 8:13 | Research | Feudal Age |
| 8:59 | Queue | Militia |
| 9:00 | Queue | Militia |
| 9:00 | Queue | Militia |
| 9:06 | Build | House |
| 9:11 | Queue | Militia |
| 9:13 | Build | House |
| 9:45 | Queue | Militia |
| 10:23 | Age | Feudal Age |
| 10:24 | Research | Man-at-Arms (upgrade) |
| 10:24 | Research | Man-at-Arms (upgrade) |
| 10:27 | Research | Double-Bit Axe |
| 10:28 | Research | Double-Bit Axe |
| 10:28 | Queue | Villager (Male) |
| 10:52 | Queue | Militia |
| 10:56 | Build | Archery Range |
| 11:02 | Queue | Villager (Male) |
| 11:02 | Queue | Villager (Male) |
| 11:22 | Build | Palisade Wall |
| 11:23 | Build | Palisade Wall |
| 11:32 | Queue | Villager (Male) |
| 11:35 | Queue | Militia |
| 11:46 | Queue | Villager (Male) |
| 11:56 | Build | Palisade Wall |
| 12:01 | Queue | Villager (Male) |
| 12:02 | Queue | Archer |
| 12:15 | Queue | Villager (Male) |
| 12:17 | Queue | Archer |
| 12:27 | Build | Palisade Gate |
| 12:30 | Queue | Villager (Male) |
| 12:36 | Build | Gate |
| 12:39 | Build | Stone Wall |
| 12:40 | Queue | Villager (Male) |
| 12:42 | Queue | Archer |
| 13:02 | Build | Gate |
| 13:04 | Build | Stone Wall |
| 13:10 | Queue | Archer |
| 13:12 | Queue | Villager (Male) |
| 13:13 | Queue | Villager (Male) |
| 13:22 | Queue | Villager (Male) |
| 13:24 | Build | Farm |
| 13:26 | Build | Farm |
| 13:26 | Build | Farm |
| 13:27 | Build | Farm |
| 13:29 | Build | Farm |
| 13:31 | Build | Farm |
| 13:34 | Research | Horse Collar |
| 13:34 | Research | Horse Collar |
| 13:55 | Queue | Villager (Male) |
| 13:57 | Build | Farm |
| 14:08 | Build | House |
| 14:09 | Build | House |
| 14:27 | Queue | Archer |
| 14:28 | Queue | Villager (Male) ×2 |
| 14:50 | Queue | Archer |
| 14:51 | Queue | Villager (Male) |
| 15:03 | Queue | Villager (Male) |
| 15:04 | Queue | Archer |
| 15:08 | Build | House |
| 15:13 | Build | Farm |
| 15:45 | Build | Farm |
| 15:58 | Queue | Archer |
| 16:26 | Queue | Villager (Male) |
| 16:27 | Queue | Archer |
| 16:49 | Build | Farm |
| 16:52 | Build | Market |
| 17:03 | Queue | Archer |
| 17:19 | Queue | Villager (Male) |
| 17:35 | Build | Blacksmith |
| 18:13 | Research | Castle Age |
| 18:14 | Research | Castle Age |
| 18:19 | Build | Mining Camp |
| 18:28 | Build | House |
| 18:31 | Build | Farm |
| 19:00 | Build | Gate |
| 19:07 | Research | Gold Mining |
| 19:15 | Queue | Archer |
| 19:18 | Research | Fletching |
| 19:18 | Research | Fletching |
| 19:40 | Build | House |
| 19:58 | Queue | Archer |
| 20:24 | Queue | Villager (Male) |
| 20:53 | Age | Castle Age |
| 20:58 | Queue | Villager (Male) |
| 20:59 | Research | Bow Saw |
| 21:00 | Research | Heavy Plow |
| 21:03 | Research | Crossbowman (upgrade) |
| 21:19 | Research | Bodkin Arrow |
| 21:26 | Build | Siege Workshop |
| 21:34 | Queue | Archer |
| 21:44 | Queue | Villager (Male) |
| 21:45 | Queue | Archer |
| 21:52 | Queue | Archer |
| 21:53 | Queue | Villager (Male) |
| 22:16 | Build | House |
| 22:18 | Queue | Mangonel |
| 22:26 | Queue | Archer |
| 22:27 | Queue | Villager (Male) |
| 22:54 | Queue | Villager (Male) |
| 22:55 | Queue | Archer |
| 23:03 | Research | Wheelbarrow |
| 23:22 | Queue | Villager (Male) |
| 23:37 | Queue | Archer |
| 23:38 | Queue | Villager (Male) |
| 23:48 | Build | Castle |
| 23:58 | Queue | Archer |
| 24:12 | Build | Farm |
| 24:13 | Build | Farm |
| 24:13 | Build | Farm |
| 24:14 | Build | Farm |
| 24:15 | Build | Farm |
| 24:16 | Build | Farm |
| 24:36 | Queue | Archer |
| 24:37 | Queue | Villager (Male) |
| 24:59 | Queue | Archer |
Match timeline
| 1:04 | Breakfast · wall_segment Palisade Wall x11 |
| 1:08 | ty · wall_segment Palisade Wall x1 |
| 1:10 | ty · wall_segment Palisade Wall x1 |
| 1:11 | ty · wall_segment Palisade Wall x1 |
| 1:12 | ty · wall_segment Palisade Wall x1 |
| 1:15 | ty · wall_segment Palisade Wall x1 |
| 1:17 | ty · wall_segment Palisade Wall x1 |
| 1:18 | ty · wall_segment Palisade Wall x1 |
| 1:19 | ty · wall_segment Palisade Wall x1 |
| 1:24 | PUB | Fanjita · wall_segment Palisade Wall x1 |
| 1:50 | PUB | Fanjita · wall_segment Palisade Wall x1 |
| 1:53 | PUB | Fanjita · wall_segment Palisade Wall x1 |
| 2:04 | PUB | Fanjita · wall_segment Palisade Wall x1 |
| 2:05 | PUB | Fanjita · wall_segment Palisade Wall x1 |
| 2:11 | PUB | Fanjita · wall_segment Palisade Wall x1 |
| 2:14 | PUB | Fanjita · wall_segment Palisade Wall x1 |
| 2:15 | PUB | Fanjita · wall_segment Palisade Wall x1 |
| 2:25 | PUB | Fanjita · wall_segment Palisade Wall x1 |
| 2:36 | ty · wall_segment Palisade Wall x1 |
| 2:54 | ty · wall_segment Palisade Wall x1 |
| 2:55 | ty · wall_segment Palisade Wall x1 |
| 3:00 | ty · wall_segment Palisade Wall x1 |
| 3:04 | PUB | Fanjita · wall_segment Palisade Wall x1 |
| 3:11 | PUB | Fanjita · wall_segment Palisade Wall x1 |
| 3:12 | ty · wall_segment Palisade Wall x1 |
| 3:27 | PUB | Fanjita · wall_segment Palisade Wall x1 |
| 3:37 | PUB | Fanjita · wall_segment Palisade Wall x1 |
| 3:38 | PUB | Fanjita · wall_segment Palisade Wall x1 |
| 3:39 | PUB | Fanjita · wall_segment Palisade Wall x1 |
| 4:06 | PUB | Fanjita · wall_segment Palisade Wall x8 |
| 4:40 | PUB | Fanjita · wall_segment Palisade Wall x1 |
| 4:44 | PUB | Fanjita · wall_segment Palisade Wall x1 |
| 4:46 | PUB | Fanjita · wall_segment Palisade Wall x1 |
| 4:47 | PUB | Fanjita · wall_segment Palisade Wall x1 |
| 4:48 | PUB | Fanjita · wall_segment Palisade Wall x1 |
| 5:03 | PUB | Fanjita · wall_segment Palisade Wall x1 |
| 5:18 | PUB | Fanjita · wall_segment Palisade Wall x1 |
| 5:19 | PUB | Fanjita · wall_segment Palisade Wall x1 |
| 5:28 | PUB | Fanjita · wall_segment Palisade Wall x1 |
| 5:31 | PUB | Fanjita · wall_segment Palisade Wall x2 |
| 5:33 | PUB | Fanjita · wall_segment Palisade Wall x1 |
| 5:33 | PUB | Fanjita · wall_segment Palisade Wall x1 |
| 5:49 | PUB | Fanjita · wall_segment Palisade Wall x7 |
| 6:09 | ty · wall_segment Palisade Wall x1 |
| 6:12 | ty · wall_segment Palisade Wall x11 |
| 6:54 | Hoyall · first_building Barracks |
| 7:15 | Breakfast · first_building Barracks |
| 8:12 | ty · wall_segment Palisade Wall x1 |
| 8:16 | ty · wall_segment Palisade Wall x10 |
| 8:18 | ty · wall_segment Palisade Wall x2 |
| 9:22 | Hoyall · age_up feudal |
| 9:37 | Aten · wall_segment Palisade Wall x1 |
| 9:44 | Aten · wall_segment Palisade Wall x1 |
| 10:07 | Hoyall · first_building Archery Range |
| 10:23 | Breakfast · age_up feudal |
| 10:56 | Honda · age_up feudal |
| 10:56 | Breakfast · first_building Archery Range |
| 10:56 | theMole · age_up feudal |
| 11:20 | PUB | Fanjita · first_building Barracks |
| 11:22 | Breakfast · wall_segment Palisade Wall x1 |
| 11:23 | Breakfast · wall_segment Palisade Wall x6 |
| 11:27 | Aten · age_up feudal |
| 11:27 | Trashclaus · age_up feudal |
| 11:42 | Trashclaus · wall_segment Palisade Wall x12 |
| 11:45 | Hoyall · wall_segment Palisade Wall x1 |
| 11:56 | Breakfast · wall_segment Palisade Wall x1 |
| 12:08 | theMole · first_market_buy 100 food |
| 12:10 | theMole · first_market_sell 100 wood |
| 12:29 | Honda · first_market_sell 500 food |
| 12:30 | Honda · first_market_buy 100 wood |
| 12:39 | Breakfast · wall_segment Stone Wall x9 |
| 13:04 | Breakfast · wall_segment Stone Wall x9 |
| 13:58 | PUB | Fanjita · age_up feudal |
| 14:00 | PUB | Fanjita · first_building Archery Range |
| 14:08 | PUB | Fanjita · wall_segment Stone Wall x9 |
| 14:18 | Hoyall · wall_segment Palisade Wall x1 |
| 14:36 | Honda · age_up castle |
| 14:56 | theMole · age_up castle |
| 14:57 | Aten · age_up castle |
| 14:58 | Trashclaus · age_up castle |
| 15:22 | PUB | Fanjita · first_market_sell 100 wood |
| 15:23 | PUB | Fanjita · first_market_buy 100 food |
| 15:42 | Honda · first_building Monastery |
| 16:03 | ty · age_up feudal |
| 16:19 | Trashclaus · first_building Castle |
| 16:58 | Aten · first_market_buy 100 stone |
| 16:59 | ty · first_market_buy 100 food |
| 17:17 | PUB | Fanjita · wall_segment Stone Wall x2 |
| 17:18 | PUB | Fanjita · wall_segment Stone Wall x1 |
| 18:18 | PUB | Fanjita · age_up castle |
| 18:45 | Honda · first_building Siege Workshop |
| 19:07 | PUB | Fanjita · wall_segment Stone Wall x2 |
| 19:14 | PUB | Fanjita · wall_segment Stone Wall x6 |
| 19:40 | ty · age_up castle |
| 19:57 | Hoyall · wall_segment Stone Wall x1 |
| 19:59 | Hoyall · wall_segment Stone Wall x10 |
| 20:05 | Aten · first_building Monastery |
| 20:16 | PUB | Fanjita · wall_segment Stone Wall x4 |
| 20:35 | Trashclaus · first_building Siege Workshop |
| 20:53 | Breakfast · age_up castle |
| 21:06 | PUB | Fanjita · wall_segment Stone Wall x4 |
| 21:17 | Hoyall · first_market_buy 100 food |
| 21:23 | Hoyall · first_market_sell 100 wood |
| 21:25 | theMole · first_building Siege Workshop |
| 21:26 | Breakfast · first_building Siege Workshop |
| 21:47 | Trashclaus · first_market_sell 100 food |
| 21:54 | theMole · first_building Barracks |
| 22:10 | Breakfast · first_market_buy 100 wood |
| 22:49 | PUB | Fanjita · first_building Stable |
| 22:53 | theMole · first_building Archery Range |
| 23:10 | PUB | Fanjita · first_building Siege Workshop |
| 23:43 | Trashclaus · first_building Barracks |
| 23:48 | Breakfast · first_building Castle |
| 24:04 | Hoyall · wall_segment Stone Wall x1 |
| 24:05 | Hoyall · wall_segment Stone Wall x1 |
| 24:06 | Hoyall · wall_segment Stone Wall x1 |
| 24:09 | Hoyall · age_up castle |
| 24:25 | ty · first_building Castle |
| 24:27 | Hoyall · first_building Siege Workshop |
| 24:32 | Aten · wall_segment Palisade Wall x1 |
| 24:33 | Aten · wall_segment Palisade Wall x1 |
| 24:37 | Hoyall · wall_segment Stone Wall x1 |
| 24:38 | Aten · wall_segment Palisade Wall x1 |
| 24:51 | Aten · first_market_sell 100 food |
| 24:59 | Trashclaus · first_building Monastery |
| 25:19 | Aten · first_building Barracks |
| 25:42 | PUB | Fanjita · wall_segment Stone Wall x2 |
| 25:55 | theMole · age_up imperial |
| 26:01 | Trashclaus · wall_segment Palisade Wall x1 |
| 26:03 | Trashclaus · wall_segment Palisade Wall x1 |
| 26:12 | Aten · first_building Stable |
| 26:28 | Aten · first_building Castle |
| 26:33 | Aten · first_building Siege Workshop |
| 26:53 | Aten · wall_segment Palisade Wall x1 |
| 26:54 | Aten · wall_segment Palisade Wall x1 |
| 26:59 | Aten · wall_segment Palisade Wall x1 |
| 27:00 | Aten · wall_segment Palisade Wall x1 |
| 27:40 | Honda · resign |
[ AI ANALYSIS · 1 CREDIT ]
What really happened in this match?
Wolo.gg analyzes every decision: build order, eco, micro, common mistakes by bracket. Personalized analysis on WhatsApp or Discord in 30 seconds.
Civ guide
Burgundians
Perfil
Jugador #10751367